AoeStats
← davidagh2001

Arena

510920186Analyzed
1v1 RM · 16h ago on Oct 3, 2026· 30m 58s· 2 players
Game mode
Random Map
Map size
Tiny (2 player)
Population
200
Speed
Normal
Resources
Standard
Victory
Conquest
Starting age
Dark Age
Ending age
Imperial Age
RankedLock teamsTeams togetherTeam positionsShared explorationLock speedFull tech treeHidden civsTurbo modeCheats
Victory
Defeat
🇲🇽 Turks · Mexico
1340
+15
🇺🇸 Mongols · United States
1313
-15
vijayanandsmail
10:38 Feudal Age
9:18 Loom
14:59 Castle Age
13:28 Double-Bit Axe
14:18 Stone Mining
14:39 Horse Collar
19:03 Fletching
19:43 Gold Mining
22:45 Gold Shaft Mining
22:33 Padded Archer Armor
23:14 Bow Saw
23:40 Bodkin Arrow
27:09 Stone Shaft Mining
27:33 Leather Archer Armor
29:29 Elite Skirmisher
30:15 Thumb Ring
davidagh2001
11:40 Feudal Age
13:44 Double-Bit Axe
13:50 Gold Mining
13:49 Horse Collar
16:34 Castle Age
16:13 Loom
20:53 Imperial Age
19:24 Bow Saw
19:32 Loom
20:56 Padded Archer Armor
22:02 Leather Archer Armor
Connection lost

Rejoining the realm…

Still unreachable

The connection could not be restored.

Session expired

The server has moved on; the page needs a fresh start.